 Dungeon Crawl Stone Soup version 0.29-a0-972-g43c84944fd (console) character file.

Game seed: 8212349788559162027

1108 CannotBeFrozen the Carver (level 8, -1/55 (62) HPs)
             Began as a Human Gladiator on July 31, 2022.
             Was a Follower of Okawaru.
             Slain by a wight
             ... wielding a +1 trident
              (5 damage)
             ... in a sewer.
             The game lasted 00:23:48 (6652 turns).

CannotBeFrozen the Carver (Human Gladiator)         Turns: 6652, Time: 00:23:48

HP:   -1/55 (62)    AC:  7    Str: 17    XL:     8   Next: 59%
MP:   6/8           EV: 14    Int:  8    God:    Okawaru [*.....]
Gold: 165           SH:  5    Dex: 15    Spells: 2/7 levels left

rFire   . . .      SeeInvis .   a - +1 long sword (drain)
rCold   . . .      Faith    .   B - +0 buckler
rNeg    . . .      Spirit   .   p - +0 ring mail
rPois   .          Reflect  .   c - +0 helmet
rElec   .          Harm     .   (no cloak)
rCorr   .          Rampage  .   (no gloves)
Will    .....                   (no boots)
Stlth   +++.......              (no amulet)
HPRegen 0.18/turn               A - ring of wizardry
MPRegen 0.11/turn               (no ring)

@: heroic, heavily drained
A: no striking features
a: Renounce Religion, Heroism


You were in a sewer.
You worshipped Okawaru.
Okawaru was aware of your devotion.
You visited 1 branch of the dungeon, and saw 6 of its levels.
You also visited: Sewer.

You collected 286 gold pieces.
You spent 121 gold pieces at shops.

Inventory:

Hand Weapons
 a - a +1 long sword of draining (weapon)
 b - a +2 short sword of holy wrath
Missiles
 d - 3 throwing nets {=f=F}
 e - a javelin
 k - a silver boomerang (quivered)
 n - 2 atropa-tipped darts {=f=F}
 r - 9 poisoned darts
 y - a boomerang
Armour
 c - a +0 helmet (worn)
 p - a +0 ring mail (worn)
 B - a +0 buckler (worn)
Jewellery
 A - a ring of wizardry (left hand)
Wands
 m - a wand of polymorph (9)
Scrolls
 f - 2 scrolls of brand weapon
 i - a scroll of fog
 o - 4 scrolls of immolation
 z - a scroll of amnesia
Potions
 g - 2 potions of attraction
 h - a potion of haste {unknown}
 l - 3 potions of mutation
 q - a potion of magic {unknown}
 s - 4 potions of brilliance
 t - 2 potions of resistance
 u - 4 potions of flight
 v - 2 potions of lignification {unknown}
 x - 3 potions of heal wounds {unknown}


   Skills:
 + Level 5.3(10.3) Fighting
 + Level 8.6(13.6) Long Blades
 - Level 2.0(7.0) Throwing
 - Level 3.0(8.0) Dodging
 - Level 1.0(6.0) Stealth
 + Level 0.5(5.5) Shields


You had 2 spell levels left.
You knew the following spells:

 Your Spells              Type           Power      Damage    Failure   Level
o - Ozocubu's Armour      Ice            0%         N/A       71%         3
w - Wereblood             Tmut           0%         N/A       47%         2

Your spell library contained the following spells:

 Spells                   Type           Power      Damage    Failure   Level
 Beastly Appendage        Tmut           0%         N/A       34%         1
 Magic Dart               Conj           0%         1d3       34%         1
 Shock                    Conj/Air       0%         1d3       34%         1
 Spider Form              Tmut/Pois      0%         N/A       71%         3
 Alistair's Intoxication  Tmut/Pois      0%         N/A       100%        5
 Lightning Bolt           Conj/Air       0%         1d11      100%        5
 Statue Form              Tmut/Erth      0%         N/A       100%        6
 Ozocubu's Refrigeration  Ice            0%         4d5       100%        7


Dungeon Overview and Level Annotations

Branches:
Dungeon (6/15)              Sewer (1/1)
 Temple: D:4-7

Altars:
Gozag
Okawaru
Wu Jian
The Shining One

Shops:
D:1 [   D:6 [


Message History

HP: 41/58 (-6) ========---- !
You closely miss the wight.
The wight is severely damaged.
You block the wight's attack.
You closely miss the wight.
The wight is severely damaged.
The wight closely misses you.
You barely miss the wight.
The wight is severely damaged.
The wight hits you with a +1 trident.
You feel drained.
HP: 38/56 (-3) ========---- You hit the wight but do no damage.
The wight is severely damaged.
The wight hits you with a +1 trident!
HP: 30/56 (-8) ======------ !
You closely miss the wight.
The wight is severely damaged.
The wight hits you with a +1 trident!
* * * LOW HITPOINT WARNING * * *
HP: 19/56 (-11) ====-------- !
You hit the wight but do no damage.
The wight is severely damaged.
The wight barely misses you.
You hit the wight but do no damage.
The wight is severely damaged.
The wight hits you with a +1 trident.
* * * LOW HITPOINT WARNING * * *
HP: 13/56 (-6) ==---------- !
You closely miss the wight.
The wight is severely damaged.
The wight hits you with a +1 trident!
* * * LOW HITPOINT WARNING * * *
HP: 4/56 (-9) ------------ !
Okay, then.
You feel better. The wight closely misses you.
You gain the combat prowess of a mighty hero.
The wight hits you with a +1 trident!
* * * LOW HITPOINT WARNING * * *
You feel drained.
You die...

≈≈≈≈≈#...#≈≈≈≈≈≈#≈≈≈#
≈≈≈≈≈≈...≈≈≈≈≈≈≈#≈≈≈#
≈≈≈≈≈#...≈≈≈≈≈≈≈#
≈≈≈≈≈#...#≈≈≈≈≈≈#
≈≈≈≈≈≈...#≈≈≈≈≈≈#
≈≈≈≈≈#...#≈≈≈≈≈≈#
≈≈≈≈≈#...≈≈≈≈≈≈≈#
≈≈≈≈≈#...#≈≈≈≈≈≈#
≈≈≈≈...≈...≈≈≈≈≈#
.≈≈..#≈≈≈#..≈≈≈≈#
....#≈≈K#....@.# ###
##K#######z# .S
#B5...S# 5..5.≈≈≈≈≈≈≈
≈#K.z#≈≈≈≈≈≈#≈ ####
##########


You could see a wight and a ball python.

Vanquished Creatures
  A water moccasin (D:6)
  A phantom (D:6)
  A kobold brigand (D:5)
  A bullfrog (D:5)
  6 scorpions
  3 hounds
  An orc priest (D:4)
  An iguana (D:5)
  An orc wizard (D:4)
  8 adders
  3 shadow imps
  A white imp (D:4)
  4 ufetubi (Sewer)
  2 adder zombies (Sewer)
  2 worms
  4 dart slugs
  16 orcs
  6 endoplasms
  2 giant cockroaches
  14 goblins
  5 hobgoblins
  4 jackals (D:3)
  5 quokkas
  5 ball pythons
  7 bats
  3 frilled lizards
  16 kobolds
  6 rats
129 creatures vanquished.

Vanquished Creatures (others)
  A plant (D:1)
1 creature vanquished.

Grand Total: 130 creatures vanquished

Notes
Turn   | Place    | Note
-------+----------+-------------------------------------------
     0 | D:1      | CannotBeFrozen the Human Gladiator began the quest for the
                  | Orb.
     0 | D:1      | Reached XP level 1. HP: 16/16 MP: 1/1
     9 | D:1      | Got the Enchiridion on Blasting and Shaping
   295 | D:1      | Found Kiamemp's Antique Armour Emporium.
   316 | D:1      | Reached XP level 2. HP: 17/22 MP: 2/2
  1055 | D:1      | Reached skill level 4 in Long Blades
  1055 | D:1      | Reached XP level 3. HP: 27/27 MP: 3/3
  1765 | D:2      | Reached XP level 4. HP: 21/33 MP: 4/4
  1899 | D:2      | Learned a level 3 spell: Ozocubu's Armour
  2642 | D:3      | Reached skill level 5 in Long Blades
  2846 | D:3      | Found a faded altar of an unknown god.
  3255 | D:4      | Reached XP level 5. HP: 38/38 MP: 5/5
  3478 | D:4      | Reached skill level 6 in Long Blades
  3880 | D:3      | Reached XP level 6. HP: 33/44 MP: 6/6
  4186 | D:4      | Found an ornate altar of the Wu Jian Council.
  4338 | D:4      | Noticed a water moccasin
  5120 | D:5      | Entered Level 5 of the Dungeon
  5123 | D:5      | Reached skill level 1 in Stealth
  5154 | D:5      | Found an iron altar of Okawaru.
  5170 | D:5      | Reached skill level 7 in Long Blades
  5170 | D:5      | Reached XP level 7. HP: 49/51 MP: 7/7
  5193 | D:5      | Became a worshipper of Warmaster Okawaru
  5598 | D:5      | Found an opulent altar of Gozag.
  5712 | D:5      | Found a glowing golden altar of the Shining One.
  5792 | D:5      | Reached XP level 8. HP: 25/60 MP: 8/8
  6069 | D:5      | Noticed a wyvern
  6084 | D:6      | Reached skill level 8 in Long Blades
  6154 | D:6      | Reached * piety under Okawaru
  6167 | D:6      | Learned a level 2 spell: Wereblood
  6228 | D:6      | Reached skill level 5 in Fighting
  6386 | D:6      | Found Umox's Antique Armour Shoppe.
  6398 | D:6      | Bought a buckler for 121 gold pieces
  6427 | D:6      | Found a glowing drain.
  6436 | Sewer    | Entered a sewer
  6652 | Sewer    | Slain by a wight

Illustrated notes

Levels and vault maps discovered:
D:1:      shiori_arrival_oz, layout_loops_corners, serial_shops,
          nicolae_shop_overgrown_old_shop, minmay_misc_feat_pillars
D:2:      layout_rooms, chequers_jeans
D:3:      layout_loops_ring, shapermc_ecumenical_altar_notcrosses,
          kennysheep_generic_room_15
D:4:      nicolae_cairo_tiling_large, layout_cave_pods,
          mainiacjoe_overflow_concentric_impassable
D:5:      layout_loops_cross, mainiacjoe_overflow_boulevard,
          mainiacjoe_overflow_catch_the_wave, serial_glass, glass_columns_b,
          glass_columns_a, glass_columns_a, glass_columns_c,
          kennysheep_generic_room_13, uniq_menkaure
D:6:      cheibrodos_iron_armory, layout_gridville,
          minmay_temple_entry_large_hall, portal_sewer_entry_a, serial_shops,
          nicolae_shop_competitors_out_of_business, minivault_1,
          grunt_ministairs_14, due_unseen_surprise
Sewer:    kennysheep_sewer_church

Skill      XL: |  1  2  3  4  5  6  7  8 |
---------------+-------------------------+-----
Long Blades    | 4 5 6 7 8 |  8.6
Stealth        | 1 |  1.0
Fighting       | 4 5 |  5.3
Throwing       | |  2.0
Dodging        | |  3.0
Shields        | |  0.5

Action                   |  1- 3 |  4- 6 |  7- 9 || total
-------------------------+-------+-------+-------++-------
Melee: Long sword        |    75 |   100 |   152 ||   327
       Punch             |     1 |       |     3 ||     4
       Dagger            |       |    41 |       ||    41
Throw: Boomerang         |    15 |    17 |    11 ||    43
       Stone             |     3 |       |       ||     3
       Javelin           |     1 |       |       ||     1
       Dart              |       |       |     7 ||     7
Invok: Heroism           |       |       |     2 ||     2
  Use: Scroll            |       |    15 |     1 ||    16
       Potion            |       |     2 |     2 ||     4
 Stab: Distracted        |       |       |     1 ||     1
Armor: Leather armour    |    17 |    32 |       ||    49
       Ring mail         |       |     3 |    58 ||    61
Dodge: Dodged            |    52 |    90 |    80 ||   222
Block: Buckler           |       |       |     6 ||     6

Table legend: (Time is in decaauts)
 A = Elapsed time spent in this place.
 B = Non-inter-level travel time spent in this place.
 C = Inter-level travel time spent in this place.
 D = Time resting spent in this place.
 E = Time spent auto-exploring this place.
 F = Levels seen in this place.
 G = Mean time per level.
                   A        B        C        D        E       F      G
               +--------+--------+--------+--------+--------+-----+--------+
         Total |   6680 |   6488 |    192 |   1765 |   3174 |   7 |  954.3 |
       Dungeon |   6463 |   6271 |    192 |   1680 |   3174 |   6 | 1077.2 |
         Sewer |    216 |    216 |      0 |     85 |      0 |   1 |  216.0 |
               +--------+--------+--------+--------+--------+-----+--------+

Top non-repeatable levels by time:
     D:4: 1939 daAuts
     D:1: 1493 daAuts
     D:3: 1035 daAuts
     D:5: 957 daAuts
     D:2: 677 daAuts
     D:6: 360 daAuts
   Sewer: 216 daAuts
